 Dungeon Crawl Stone Soup version 0.22-a0-480-g991dd4b (webtiles) character file.

420 CougarLife the Ruffian (level 6, 0/61 HPs)
             Began as a Troll Monk on June 14, 2018.
             Slain by an orc wizard
             ... wielding a +2 dagger of freezing
              (2 damage)
             ... on level 5 of the Dungeon.
             The game lasted 00:02:36 (2491 turns).

CougarLife the Ruffian (Troll Monk)                 Turns: 2491, Time: 00:02:36

Health: 0/61       AC:  5    Str: 21    XL:     6   Next: 62%
Magic:  5/5        EV: 11    Int:  7    God:
Gold:   166        SH:  0    Dex: 12    Spells: 5/5 levels left

rFire    . . .     SeeInvis .     - Unarmed
rCold    . . .     Gourm    +   (no shield)
rNeg     . . .     Faith    .   a - +0 robe
rPois    .         Spirit   .   (helmet restricted)
rElec    .         Reflect  .   (no cloak)
rCorr    .         Harm     .   (gloves unavailable)
MR       .....                  (boots unavailable)
Stlth    ++........             (no amulet)
HPRegen  0.60/turn              (no ring)
MPRegen  0.09/turn              (no ring)

@: lethally poisoned (0 -> 0)
A: large, unfitting armour, claws 3, fast metabolism 3, gourmand, regeneration
1, shaggy fur 1, tough skin 2
a: no special abilities


You were on level 5 of the Dungeon.
You were completely stuffed.

You visited 1 branch of the dungeon, and saw 5 of its levels.

You collected 166 gold pieces.

Inventory:

Missiles
 q - 2 throwing nets (quivered)
Armour
 a - a +0 robe (worn)
Jewellery
 i - an uncursed ring of fire {unknown}
Scrolls
 d - 4 scrolls of immolation {unknown}
 e - a scroll of fog {unknown}
 g - a scroll of amnesia {unknown}
 h - 3 scrolls of identify {unknown}
 l - a scroll of enchant armour {unknown}
 r - a scroll of remove curse {unknown}
Potions
 c - 2 potions of heal wounds {unknown}
 f - a potion of berserk rage {unknown}
 k - 2 potions of lignification {unknown}
 m - 2 potions of haste {unknown}
 n - 2 potions of curing {unknown}
 o - a potion of magic {unknown}
 p - a potion of brilliance {unknown}
Comestibles
 b - 4 rations


   Skills:
 - Level 3.0 Fighting
 - Level 3.0 Dodging
 - Level 1.0 Stealth
 + Level 6.9 Unarmed Combat


You had 5 spell levels left.
You didn't know any spells.
Your spell library was empty.

Dungeon Overview and Level Annotations

Branches:
Dungeon (5/15)
 Temple: D:4-7

Altars:


Innate Abilities, Weirdness & Mutations

You are too large for most types of armour.
You have claws for hands.
Your metabolism is lightning-fast.
You like to eat raw meat.
Your natural rate of healing is unusually fast.
You are covered in fur. (AC +1)
You have very tough skin. (AC +2)


Message History

You feel sick. The orc wizard hits you with a dagger.
* * * LOW HITPOINT WARNING * * *
The orc wizard barely misses you.
The orc priest hits you but does no damage.
You claw the orc priest!
The orc priest is severely wounded.
The orc misses you.
The orc wizard looks encouraged for a moment.
The orc wizard barely misses you.
The orc priest calls down the wrath of Beogh upon you.
Beogh smites you!
* * * LOW HITPOINT WARNING * * *
You closely miss the orc priest.
The orc priest is severely wounded.
The orc barely misses you.
The orc wizard hits you but does no damage.
The orc wizard hits you with a dagger of freezing.
* * * LOW HITPOINT WARNING * * *
The orc wizard freezes you.
You die...

##########
#...<....#
#........#
#####........#
#............#
#.##.........#
.####.##..†......#
.......oo.)........
#.####@o###.###.##
#.o# .# .# ......
.# .###.##### ..
... # #.## #.# .#


You could see an orc priest, 2 orc wizards and an orc.

Vanquished Creatures
  An ogre (D:4)
  A crimson imp (D:5)
  A hound (D:4)
  An orc priest (D:5)
  2 worker ants
  4 gnolls (D:4)
  A howler monkey skeleton (D:4)
  7 adders
  4 worms
  A dart slug (D:3)
  2 leopard geckos
  6 orcs
  5 giant cockroaches
  4 goblins
  4 hobgoblins
  7 jackals
  2 kobolds
  A ball python (D:4)
  3 bats
  4 frilled lizards
  4 rats
65 creatures vanquished.

Notes
Turn   | Place    | Note
-------+----------+-------------------------------------------
     0 | D:1      | CougarLife the Troll Monk began the quest for the Orb.
     0 | D:1      | Reached XP level 1. HP: 22/22 MP: 0/0
   200 | D:1      | Reached XP level 2. HP: 21/29 MP: 1/1
   763 | D:2      | Reached XP level 3. HP: 37/37 MP: 2/2
  1422 | D:3      | Reached skill level 4 in Unarmed Combat
  1422 | D:3      | Reached XP level 4. HP: 45/45 MP: 3/3
  1644 | D:4      | Reached skill level 5 in Unarmed Combat
  1644 | D:4      | Reached XP level 5. HP: 50/53 MP: 4/4
  1666 | D:4      | Noticed an ogre
  1680 | D:4      | Killed an ogre
  1680 | D:4      | Reached skill level 6 in Unarmed Combat
  1788 | D:4      | Reached XP level 6. HP: 27/61 MP: 5/5
  2461 | D:5      | Entered Level 5 of the Dungeon
  2491 | D:5      | HP: 2/61 [orc wizard/dagger of freezing (3)]
  2491 | D:5      | Slain by an orc wizard

Vault maps used:
D:1:      roderic_dead_forest
D:2:      kennysheep_path_1
D:3:      st_stairs_13
D:5:      nicolae_dithmenos_the_darkroom, first_ration, uniq_sigmund

Skill      XL: |  1  2  3  4  5 |
---------------+----------------+-----
Dodging        | 3 |  3.0
Fighting       | 3 |  3.0
Unarmed Combat | 4 5 6 |  6.9
Stealth        | |  1.0

Action                   |  1- 3 |  4- 6 || total
-------------------------+-------+-------++-------
Melee: Unarmed           |    65 |   119 ||   184
       Punch             |       |     4 ||     4
 Stab: Sleeping          |     1 |     1 ||     2
  Eat: Chunk             |    15 |    10 ||    25
       Ration            |     1 |       ||     1
Armor: Robe              |    17 |    23 ||    40
Dodge: Dodged            |    30 |    61 ||    91

Table legend:
 A = Spawn XP
 B = Non-spawn XP
 C = Spawn XP percentage of total XP
 D = Spawn monster count
 E = Non-spawn monster count
 F = Spawn count percentage of total count
 G = Total turns spent on level
                    A         B        C        D         E        F      G
               +---------+---------+-------+---------+---------+-------+---------
         Total |       0 |     600 |   0.0 |       0 |      65 |   0.0 |  2491
               +---------+---------+-------+---------+---------+-------+---------
           D:1 |       0 |      15 |   0.0 |       0 |      10 |   0.0 |   554
           D:2 |       0 |      58 |   0.0 |       0 |      13 |   0.0 |   723
           D:3 |       0 |      57 |   0.0 |       0 |      18 |   0.0 |   286
           D:4 |       0 |     340 |   0.0 |       0 |      20 |   0.0 |   898
           D:5 |       0 |     130 |   0.0 |       0 |       4 |   0.0 |    30
               +---------+---------+-------+---------+---------+-------+---------
